AoeStats
← Churrasko

Arabia

506530032Analyzed
1v1 RM · 18d ago on Sep 13, 2026· 37m 27s· 2 players
Game mode
Random Map
Map size
Tiny (2 player)
Population
200
Speed
Normal
Resources
Standard
Victory
Conquest
Starting age
Dark Age
Ending age
Imperial Age
RankedLock teamsTeams togetherTeam positionsShared explorationLock speedFull tech treeHidden civsTurbo modeCheats
Victory
Defeat
🇦🇷 Bohemians · Argentina
867
+16
🇦🇷 Byzantines · Argentina
858
-16
Churrasko
9:01 Loom
10:55 Feudal Age
15:32 Man-at-Arms
17:32 Double-Bit Axe
19:06 Horse Collar
22:50 Castle Age
23:28 Pikeman
24:09 Squires
24:30 Gold Mining
25:01 Bow Saw
25:04 Heavy Plow
27:43 Thumb Ring
27:06 Crossbowman
29:26 Scale Barding Armor
29:32 Forging
30:53 Fletching
31:33 Ballistics
33:06 Chain Barding Armor
BOCANEGRA
11:14 Feudal Age
9:30 Loom
15:18 Horse Collar
15:53 Double-Bit Axe
19:11 Castle Age
19:21 Pikeman
20:01 Squires
21:30 Fervor
21:58 Bow Saw
22:20 Town Watch
22:44 Heavy Plow
23:46 Forging
27:09 Padded Archer Armor
27:57 Redemption
28:56 Ballistics
32:27 Imperial Age
30:35 Wheelbarrow
29:58 Guard Tower
30:04 Murder Holes
32:52 Wagenburg Tactics
34:36 Block Printing
34:48 Illumination
35:42 Two-Man Saw
35:04 Town Patrol
35:21 Hand Cart
37:18 Chemistry
35:42 Elite Hussite Wagon
37:11 Sanctity
Connection lost

Rejoining the realm…

Still unreachable

The connection could not be restored.

Session expired

The server has moved on; the page needs a fresh start.